 Dungeon Crawl Stone Soup version 0.24.0-13-gcf9b319 (webtiles) character file.

Game seed: 16451820284043516871, levelgen mode: deterministic

26553 JeffiDaFish the Earth Mage (level 13, -15/85 HPs)
             Began as a Gargoyle Earth Elementalist on Nov 13, 2019.
             Was an Elder of Vehumet.
             Demolished by Rupert
             ... wielding a +2 battleaxe of electrocution
              (23 damage)
             ... on level 4 of the Lair of Beasts on Dec 7, 2019.
             The game lasted 00:40:19 (15679 turns).

JeffiDaFish the Earth Mage (GrEE)                  Turns: 15679, Time: 00:40:20

Health: -15/85     AC: 20    Str: 15    XL:     13   Next: 26%
Magic:  3/27       EV: 12    Int: 19    God:    Vehumet [****..]
Gold:   801        SH:  0    Dex: 10    Spells: 24/33 levels left

rFire    . . .     SeeInvis +   o - +3 flail (protect)
rCold    . . .     Gourm    .   (no shield)
rNeg     + + .     Faith    .   c - +1 robe
rPois    ∞         Spirit   .   u - +0 helmet
rElec    +         Reflect  .   j - +0 cloak
rCorr    .         Harm     .   F - +0 pair of gloves
MR       +....     Rnd*Tele +   (no boots)
Stlth    +++.......             (no amulet)
HPRegen  0.24/turn              e - +4 ring of protection
MPRegen  0.20/turn              p - ring "Zogrehae" {rN+ MR+ Str+3 SInv Stlth+}

@: studying Maces & Flails
A: rugged brown scales 1, dopey 1, negative energy resistance 1, electricity
resistance, teleportitis 1, unbreathing, petrification resistance, rot immunity,
AC +9
a: Renounce Religion


You were on level 4 of the Lair of Beasts.
You worshipped Vehumet.
Vehumet was greatly pleased with you.
You were not hungry.

You visited 3 branches of the dungeon, and saw 14 of its levels.
You also visited: Sewer and Ossuary.

You collected 801 gold pieces.

Inventory:

Hand Weapons
 o - a +3 flail of protection (weapon)
Missiles
 b - 23 stones (quivered)
Armour
 c - a +1 robe (worn)
 j - a +0 cloak (worn)
 u - a +0 helmet (worn)
 F - a +0 pair of gloves (worn)
Jewellery
 a - an uncursed ring of stealth
 e - a +4 ring of protection (left hand)
 p - the ring "Zogrehae" (right hand) {rN+ MR+ Str+3 SInv Stlth+}
   (You found it on level 1 of the Lair of Beasts)

   [ring of positive energy]

   It affects your strength (+3).
   It protects you from negative energy.
   It affects your resistance to hostile enchantments.
   It lets you see invisible.
   It makes you more stealthy.
 v - an uncursed ring of wizardry
Wands
 r - a wand of polymorph (11)
 w - a wand of disintegration (16)
 z - a wand of acid (7)
 A - a wand of clouds (4)
 B - a wand of paralysis (8)
 D - a wand of digging (5)
Scrolls
 g - 6 scrolls of identify
 h - 5 scrolls of teleportation
 s - 2 scrolls of remove curse
 x - 2 scrolls of enchant armour
 E - a scroll of magic mapping
 I - a scroll of amnesia
 K - a scroll of holy word {unknown}
Potions
 f - a potion of haste
 i - 3 potions of brilliance
 k - a potion of agility
 l - 5 potions of curing
 m - 3 potions of flight
 n - 7 potions of heal wounds
 q - 8 potions of might
 t - a potion of ambrosia
 C - a potion of invisibility
 G - a potion of berserk rage
 H - 2 potions of resistance
Books
 y - a manual of Maces & Flails
Comestibles
 d - 20 rations
 J - 3 chunks of flesh


   Skills:
 - Level 10.6 Fighting
 + Level 7.7 Maces & Flails
 - Level 1.5 Dodging
 - Level 2.1 Stealth
 + Level 10.7 Spellcasting
 - Level 5.6 Conjurations
   Level 0.7 Transmutations
 * Level 16.4 Earth Magic


You had 24 spell levels left.
You knew the following spells:

 Your Spells              Type           Power        Failure   Level  Hunger
a - Sandblast             Erth           ######       0%          1    None
b - Stone Arrow           Conj/Erth      ######       1%          3    None
c - Lee's Rapid Deconstr  Erth           ######....   1%          5    ####...

Your spell library contained the following spells:

 Spells                   Type           Power        Failure   Level  Hunger
 Conjure Ball Lightning   Conj/Air       ###.......   58%         6    ######.
 Flame Tongue             Conj/Fire      ###..        1%          1    None
 Freeze                   Ice            ##..         1%          1    None
 Passwall                 Tmut/Erth      #####...     1%          2    None
 Throw Flame              Conj/Fire      ###...       1%          2    None
 Throw Frost              Conj/Ice       ###...       1%          2    None
 Conjure Flame            Conj/Fire      ###.....     1%          3    None
 Dazzling Spray           Conj/Hex       ###...       1%          3    None
 Petrify                  Tmut/Erth      #####...     1%          4    ##.....
 Inner Flame              Hex/Fire       ##......     5%          3    None
 Sticky Flame             Conj/Fire      ###.....     6%          4    ##.....
 Throw Icicle             Conj/Ice       ###.....     6%          4    ##.....
 Animate Skeleton         Necr           N/A          7%          1    None
 Apportation              Tloc           ##....       7%          1    None
 Confusing Touch          Hex            ##....       7%          1    None
 Corona                   Hex            ##.....      7%          1    None
 Summon Small Mammal      Summ           ##..         7%          1    None
 Ensorcelled Hibernation  Hex/Ice        ##....       11%         2    None
 Fireball                 Conj/Fire      ###.......   16%         5    ####...
 Confuse                  Hex            ##......     21%         3    None
 Ozocubu's Armour         Chrm/Ice       ##......     21%         3    None
 Tukima's Dance           Hex            ##......     21%         3    None
 Summon Ice Beast         Ice/Summ       ##......     56%         4    ##.....


Dungeon Overview and Level Annotations

Branches:
Dungeon (9/15)             Temple (1/1) D:6            Lair (4/6) D:9
 Shoals (0/4) Lair:3       Spider (0/4) Lair:2        Sewer (visited)
Ossuary (visited)
    Orc: D:9-12

Altars:
Ashenzari
Cheibriados
Elyvilon
Gozag
Nemelex Xobeh
Okawaru
Trog
Vehumet
Wu Jian
Xom
Yredelemnul

Annotations:
Lair:4 Rupert


Innate Abilities, Weirdness & Mutations

You are resistant to torment.
Your stone body is resilient. (AC +9)
You are immune to poison.
You resist negative energy. (rN+)
You are resistant to electric shocks. (rElec)
You can survive without breathing.
You are immune to petrification.
You are immune to rotting.
You are partially covered in rugged brown scales. (AC +1, +3% HP)
You are dopey. (Int -2)
You are occasionally teleported next to monsters.


Message History

Rupert is almost dead.
b - 24 stones The plant is engulfed in freezing vapours.
Rupert is engulfed in freezing vapours.
Rupert barely misses you.
Casting: Sandblast (safe; 0% risk of failure)
Confirm with . or Enter, or press ? or * to list all spells.
Aiming: Sandblast (safe; 0% risk of failure)
Press: ? - help, Shift-Dir - straight line, f/p - Rupert
Aim: Rupert, wielding a +2 battleaxe of electrocution and wearing a +3 chain mail of magic resistance (freezing vapour, almost dead, berserk, fast, unusually strong)
The blast of sand hits Rupert!
Rupert is almost dead.
b - 23 stones The plant is engulfed in freezing vapours.
You destroy the plant!
Rupert is engulfed in freezing vapours.
Rupert hits you with a +2 battleaxe of electrocution!!
* * * LOW HITPOINT WARNING * * *
Rupert is engulfed in freezing vapours.
Rupert hits you with a +2 battleaxe of electrocution!!
You die...

.# ... ##.### ##..
#....P #... #..P(.
####..###### ### #.....
#..........####.###.....
#..........##..#........
....(............##.....
...>..☼@..#..##.##P.....
##.##§@P###.#######.....
#..## ### #..... #..§
##...# #○°° ##...# #.§.#
#^.... #+.. ##..... ...
#...... ##.....


You could see Rupert (berserk).

Vanquished Creatures
  2 hydras (Lair:1)
  4 death yaks
  A two-headed ogre (D:8)
  A necromancer (Lair:3)
  6 elephants
  3 black mambas
  Psyche (D:9)
  3 spiny frogs
  A komodo dragon (Lair:4)
  A rime drake (Lair:3)
  A demonic crawler (Lair:1)
  3 slime creatures (D:6)
  5 hippogriffs
  A snapping turtle (Lair:3)
  A wyvern (Lair:3)
  16 yaks
  3 hogs (D:7)
  A human (D:7)
  2 basilisks
  A hungry ghost (D:8)
  6 water moccasins
  Duvessa (D:6)
  3 porcupines
  A phantom (D:5)
  A necrophage (D:6)
  An orc warrior (D:7)
  4 ice beasts
  4 wolves (Lair:2)
  4 ogres
  A sky beast (D:5)
  3 centaurs
  3 crocodiles
  A big kobold (Sewer)
  10 bullfrogs
  A water moccasin zombie (Ossuary)
  Dowan (D:6)
  5 scorpions
  9 killer bees
  A howler monkey (D:5)
  4 crimson imps
  6 jellies
  A quasit (D:9)
  3 orc priests (D:7)
  10 hounds
  A bullfrog skeleton (D:6)
  4 iguanas
  2 orc wizards (D:7)
  9 worker ants
  3 polar bear simulacra (Lair:3)
  3 yak simulacra (Lair:3)
  3 wolf simulacra (Lair:3)
  6 big kobold zombies (Ossuary)
  2 mummies (Ossuary)
  12 adders
  A shadow imp (D:7)
  5 oozes (D:6)
  9 adder zombies
  2 adder skeletons
  7 worms
  A dart slug (D:3)
  7 leopard geckos
  14 orcs
  5 giant cockroaches
  5 hobgoblins
  23 jackals
  4 quokkas
  2 ball pythons
  9 bats
  5 frilled lizards
  2 gnoll zombies (Ossuary)
  13 goblins
  6 hobgoblin zombies (Ossuary)
  11 kobolds
  4 kobold zombies (Ossuary)
  6 orc zombies (Ossuary)
  2 quokka skeletons
  7 rats
  2 river rat simulacra (Lair:3)
  2 fungi
  2 plants
342 creatures vanquished.

Vanquished Creatures (collateral kills)
  A crocodile (Lair:3)
1 creature vanquished.

Vanquished Creatures (others)
  7 fungi
  2 plants (Lair:4)
  5 toadstools (D:6)
14 creatures vanquished.

Grand Total: 357 creatures vanquished

Notes
Turn   | Place    | Note
-------+----------+-------------------------------------------
     0 | D:1      | JeffiDaFish the Gargoyle Earth Elementalist began the quest
                  | for the Orb.
     0 | D:1      | Reached XP level 1. HP: 10/10 MP: 3/3
   237 | D:1      | Reached skill level 4 in Earth Magic
   386 | D:1      | Reached XP level 2. HP: 15/15 MP: 1/5
  1229 | D:2      | Reached XP level 3. HP: 19/19 MP: 3/6
  1253 | D:2      | Learned a level 3 spell: Stone Arrow
  1887 | D:1      | Reached skill level 5 in Earth Magic
  2186 | D:2      | Reached XP level 4. HP: 24/24 MP: 1/8
  2577 | D:2      | Found an iron altar of Okawaru.
  2736 | D:2      | Found a bloodstained altar of Trog.
  2736 | D:2      | Found a snail-covered altar of Cheibriados.
  2796 | D:2      | Found an opulent altar of Gozag.
  2799 | D:2      | Found a white marble altar of Elyvilon.
  2801 | D:2      | Found a shimmering altar of Xom.
  3018 | D:3      | Found a shattered altar of Ashenzari.
  3523 | D:3      | Found a glowing drain.
  3532 | D:3      | Reached XP level 5. HP: 26/28 MP: 3/9
  3537 | Sewer    | Entered a sewer
  3722 | Sewer    | Noticed a big kobold
  3752 | Sewer    | Killed a big kobold
  3752 | Sewer    | Reached skill level 1 in Fighting
  3752 | Sewer    | Reached skill level 6 in Earth Magic
  3900 | Sewer    | Learned a level 5 spell: Lee's Rapid Deconstruction
  4125 | Sewer    | Found a white marble altar of Elyvilon.
  4320 | D:4      | Reached XP level 6. HP: 35/35 MP: 4/11
  4573 | D:4      | Reached skill level 7 in Earth Magic
  4604 | D:4      | Reached XP level 7. HP: 40/40 MP: 9/12
  5065 | D:5      | Entered Level 5 of the Dungeon
  5125 | D:5      | Reached skill level 8 in Earth Magic
  5463 | D:5      | Reached XP level 8. HP: 33/48 MP: 7/14
  5718 | D:5      | Reached skill level 9 in Earth Magic
  6133 | D:6      | Identified the +6 plate armour "Arphal" {rElec rN+ MR-}
                  | (You found it on level 6 of the Dungeon)
  6249 | D:6      | Noticed Duvessa
  6252 | D:6      | Noticed Dowan
  6257 | D:6      | Killed Duvessa
  6257 | D:6      | Reached skill level 5 in Spellcasting
  6258 | D:6      | Killed Dowan
  6455 | D:6      | Reached skill level 5 in Fighting
  6999 | D:6      | Found a staircase to the Ecumenical Temple.
  7008 | Temple   | Entered the Ecumenical Temple
  7083 | Temple   | Became a worshipper of Vehumet
  7124 | D:6      | Reached skill level 10 in Earth Magic
  7366 | D:6      | Noticed a slime creature
  7366 | D:6      | Noticed a slime creature
  7366 | D:6      | Noticed a slime creature
  7376 | D:6      | Reached XP level 9. HP: 54/54 MP: 1/17
  7656 | D:6      | Reached skill level 11 in Earth Magic
  8090 | D:7      | Reached * piety under Vehumet
  8090 | D:7      | Offered knowledge of Shock by Vehumet.
  8665 | D:7      | Reached skill level 12 in Earth Magic
  8667 | D:7      | Reached XP level 10. HP: 63/63 MP: 14/20
  8727 | D:7      | Reached ** piety under Vehumet
  8727 | D:7      | Offered knowledge of Searing Ray by Vehumet.
  9045 | D:8      | Noticed a two-headed ogre
  9050 | D:8      | Killed a two-headed ogre
  9156 | D:8      | Found a sand-covered staircase.
  9171 | D:8      | Reached skill level 13 in Earth Magic
  9186 | Ossuary  | Entered an ossuary
  9313 | Ossuary  | Offered knowledge of Inner Flame by Vehumet.
  9375 | Ossuary  | Reached *** piety under Vehumet
  9717 | D:8      | Offered knowledge of Static Discharge by Vehumet.
 10070 | D:9      | Reached skill level 10 in Fighting
 10070 | D:9      | Reached skill level 5 in Conjurations
 10070 | D:9      | Reached XP level 11. HP: 65/72 MP: 21/24
 10073 | D:9      | Gained mutation: You are dopey. (Int -2) [potion of
                  | mutation]
 10073 | D:9      | Gained mutation: You are occasionally teleported next to
                  | monsters. [potion of mutation]
 10073 | D:9      | Gained mutation: You are partially covered in rugged brown
                  | scales. (AC +1, +3% HP) [potion of mutation]
 10150 | D:9      | Noticed Psyche
 10152 | D:9      | Killed Psyche
 10262 | D:9      | Found a staircase to the Lair.
 10603 | Lair:1   | Entered Level 1 of the Lair of Beasts
 10749 | Lair:1   | Identified the cursed +0 leather armour of Dupsanoh {*Slow
                  | rPois Int+5 SInv} (You found it on level 1 of the Lair of
                  | Beasts)
 10755 | Lair:1   | Noticed a six-headed hydra
 10761 | Lair:1   | Killed a six-headed hydra
 10761 | Lair:1   | Reached XP level 12. HP: 77/80 MP: 12/25
 10875 | Lair:1   | Noticed a five-headed hydra
 10887 | Lair:1   | Killed a five-headed hydra
 10887 | Lair:1   | Reached skill level 14 in Earth Magic
 11119 | Lair:1   | Reached **** piety under Vehumet
 11370 | Lair:1   | Got a flickering bronze ring
 11371 | Lair:1   | Identified the ring "Zogrehae" {rN+ MR+ Str+3 SInv Stlth+}
                  | (You found it on level 1 of the Lair of Beasts)
 11946 | Lair:2   | Reached skill level 1 in Maces & Flails
 12275 | Lair:1   | Offered knowledge of Yara's Violent Unravelling by Vehumet.
 12607 | Lair:2   | Found a hole to the Spider Nest.
 13293 | Lair:3   | Noticed a death yak
 13295 | Lair:3   | Noticed a death yak
 13297 | Lair:3   | Noticed a death yak
 13307 | Lair:2   | Killed a death yak
 13307 | Lair:2   | Reached skill level 15 in Earth Magic
 13431 | Lair:2   | Killed a death yak
 13431 | Lair:2   | Reached skill level 10 in Spellcasting
 13575 | Lair:2   | Killed a death yak
 13575 | Lair:2   | Reached skill level 5 in Maces & Flails
 13733 | Lair:3   | Identified a scroll of acquirement
 14240 | Lair:3   | Reached ***** piety under Vehumet
 14240 | Lair:3   | Offered knowledge of Conjure Ball Lightning by Vehumet.
 14310 | Lair:3   | Reached XP level 13. HP: 81/85 MP: 21/27
 14561 | Lair:3   | Found a staircase to the Shoals.
 14921 | Lair:4   | Reached skill level 16 in Earth Magic
 15660 | Lair:4   | Noticed Rupert
 15679 | Lair:4   | Demolished by Rupert

Levels and vault maps discovered:
D:1:      eino_arrival_tree_alley, layout_rooms
D:2:      layout_rooms, okawaru_metal_pillars_3,
          chequers_temple_overflow_minitemple
D:3:      layout_loops_ring, lemuel_round_altar, gup_sewer_entry_pipe
D:4:      layout_cave_pools
D:5:      layout_loops_ring, first_ration
D:6:      cheibrodos_fertilizer, layout_layer_cave,
          minmay_temple_entry_large_hall, uniq_duvessa
D:7:      layout_loops_ring, grunt_livestock
D:8:      layout_rooms, nicolae_ossuary_entry_monument
D:9:      layout_basic, lair_entry_dummy, uniq_psyche
Temple:   regret_index_temple_generic_petals
Lair:1:   layout_loops_ring, minivault_23, grunt_megastairs_1
Lair:2:   layout_layer_cave, nicolae_spider_entry_non_spiders
Lair:3:   layout_chaotic_city, minmay_shoals_entry_hut, eino_house_with_fridge,
          grunt_megastairs_4
Lair:4:   layout_roguey, ice2_lemuel, uniq_rupert

Skill      XL: |  1  2  3  4  5  6  7  8  9 10 11 12 13 |
---------------+----------------------------------------+-----
Earth Magic    | 4 5 6 7 8 10 12 13 15 16 | 16.4
Spellcasting   | 3 4 5 6 9 10 | 10.7
Fighting       | 1 2 4 5 7 10 | 10.6
Conjurations   | 5 |  5.6
Maces & Flails | 6 7 |  7.7
Dodging        | |  1.5
Stealth        | |  2.1
Transmutations | |  0.7

Action                   |  1- 3 |  4- 6 |  7- 9 | 10-12 | 13-15 || total
-------------------------+-------+-------+-------+-------+-------++-------
Melee: Unarmed           |    85 |       |       |       |       ||    85
       Short sword       |    27 |    89 |    21 |       |       ||   137
       Whip              |       |       |   256 |       |       ||   256
       Flail             |       |       |    76 |   388 |     3 ||   467
 Cast: Sandblast         |    39 |    42 |    58 |    63 |    48 ||   250
       Stone Arrow       |     5 |    10 |    20 |    69 |    30 ||   134
       Lee's Rapid Decon |       |       |    14 |    32 |    10 ||    56
Evoke: Wand              |       |       |       |       |     2 ||     2
  Use: Scroll            |     2 |     4 |     4 |    11 |       ||    21
       Potion            |     4 |     3 |     3 |     6 |       ||    16
 Stab: Sleeping          |       |     2 |     1 |     5 |     1 ||     9
       Invisible         |       |       |     1 |       |       ||     1
  Eat: Chunk             |     5 |    10 |    14 |    18 |     6 ||    53
       Ration            |       |       |     1 |     4 |       ||     5
Armor: Robe              |    55 |    47 |   223 |   366 |    39 ||   730
Dodge: Dodged            |   101 |    73 |   335 |   418 |    23 ||   950
